 Dungeon Crawl Stone Soup version 0.32-a0-32-g978bd804de (webtiles) character file.

Game seed: 3254173276960093123

472555 Gargoyl the Gargoyle Barricade (level 24, 0/165 (168) HPs)
             Began as a Gargoyle Berserker on Jan 20, 2024.
             Was an Elder of Trog.
             Killed by divine providence
             ... invoked by a royal mummy
              (11 damage)
             ... on level 2 of the Tomb of the Ancients.
             The game lasted 01:20:28 (49447 turns).

Gargoyl the Gargoyle Barricade (GrBe)              Turns: 49447, Time: 01:20:28

HP:   0/165 (168)   AC: 50    Str: 28      XL:     24   Next: 38%
MP:   23/23         EV: 14    Int: 12 (16) God:    Trog [****..]
Gold: 6611          SH: 32    Dex: 14      Spells: 23/23 levels left

rFire   + + .        P - +4 war axe (flame)
rCold   + + .        B - +2 tower shield {AC+3}
rNeg    + . .        E - +0 gold dragon scales
rPois   ∞            f - +2 helmet
rElec   +            i - scarf {rC+ rF+}
rCorr   .            L - +0 pair of gloves
SInv    .            n - +1 pair of boots
Will    +++..        G - amulet "Zuhoad" {Reflect Slay+6 SH+5} Stlth
                     k - +5 ring of evasion
HPRegen 1.47/turn    r - +6 ring of strength
MPRegen 0.18/turn

%: reflection
@: marked, strong-willed (expiring), on berserk cooldown, flying, regenerating
(expiring), slowed, lightly drained, very slow
A: sickness immunity, AC +18, big wings, negative energy resistance 1,
electricity resistance, torment resistance 1, petrification resistance, clever
1, subdued magic 1, MP-powered wands
}: 3/15 runes: decaying, serpentine, silver
a: Renounce Religion, Berserk, Trog's Hand, Brothers in Arms


You were on level 2 of the Tomb of the Ancients.
You worshipped Trog.
Trog was greatly pleased with you.
You visited 7 branches of the dungeon, and saw 38 of its levels.
You visited the Abyss 1 time.
You visited 1 bazaar.
You also visited: Bailey.

You collected 7347 gold pieces.
You spent 736 gold pieces at shops.

Inventory:

Hand Weapons
 o - a +7 hand axe of venom
 P - a +4 war axe of flaming (weapon)
 R - a +1 war axe of electrocution
 S - the +5 broad axe of Glowing Dismemberment {speed, rC+ rN+ Str+2}
   (You acquired it on level 2 of the Snake Pit)

   Str+2:     It affects your strength (+2).
   rC+:       It protects you from cold.
   rN+:       It protects you from negative energy.
 V - a +4 scimitar of holy wrath
Missiles
 s - 5 curare-tipped darts (quivered)
 U - a throwing net
Armour
 f - a +2 helmet (worn)
 i - a scarf of resistance (worn)
 n - a +1 pair of boots (worn)
 B - a +2 tower shield of protection (worn)
 E - +0 gold dragon scales (worn)
 L - a +0 pair of gloves (worn)
Jewellery
 k - a +5 ring of evasion (left hand)
 q - a +4 ring of protection
 r - a +6 ring of strength (right hand)
 t - a ring of ice
 y - the amulet "Dimin" {rElec rPois Regen+ Str+2 Slay+3}
   (You found it on level 3 of the Crypt)

   [amulet of regeneration]

   Str+2:     It affects your strength (+2).
   Slay+3:    It affects your accuracy & damage with ranged weapons and melee
   (+3).
   rElec:     It insulates you from electricity.
   rPois:     It protects you from poison Regen+: It increases your rate of
   health regeneration.
 F - the ring "Fojuesoxt" {rF+ rN+ rCorr Int-5}
   (You found it on level 3 of the Crypt)

   [ring of positive energy]

   Int-5:     It affects your intelligence (-5).
   rF+:       It protects you from fire.
   rN+:       It protects you from negative energy.
   rCorr:     It protects you from acid and corrosion.
 G - the amulet "Zuhoad" (around neck) {Reflect Slay+6 SH+5}
   (You acquired it on level 4 of the Lair of Beasts)

   [amulet of reflection]

   Reflect:   It reflects blocked missile attacks.
   Slay+6:    It affects your accuracy & damage with ranged weapons and melee
   (+6).
   SH+5:      It affects your SH (+5).
 J - the ring "Kaodwej" {rElec EV+5 Str+2}
   (You found it on level 1 of the Tomb of the Ancients)

   [ring of evasion]

   EV+5:      It affects your evasion (+5).
   Str+2:     It affects your strength (+2).
   rElec:     It insulates you from electricity.
 Q - the ring "Syxyofe" {rN+ Str+2 Slay+4}
   (You found it on level 3 of the Crypt)

   [ring of positive energy]

   Str+2:     It affects your strength (+2).
   Slay+4:    It affects your accuracy & damage with ranged weapons and melee
   (+4).
   rN+:       It protects you from negative energy.
Wands
 p - a wand of roots (6)
 v - a wand of flame (13)
 O - a wand of digging (11)
Scrolls
 a - a scroll of enchant weapon
 b - 27 scrolls of identify
 g - 11 scrolls of teleportation
 l - 4 scrolls of poison
 m - 2 scrolls of butterflies
 u - 4 scrolls of fog
 w - 6 scrolls of enchant armour
 x - 4 scrolls of silence
 C - 8 scrolls of revelation
 D - 4 scrolls of blinking
 I - 3 scrolls of fear
 Y - 2 scrolls of brand weapon
Potions
 c - 7 potions of enlightenment
 d - a potion of magic
 e - a potion of ambrosia
 h - a potion of lignification
 j - 9 potions of curing
 z - 6 potions of haste
 A - a potion of mutation
 H - a potion of resistance
 K - 4 potions of invisibility
 M - 2 potions of cancellation
 N - 4 potions of might


   Skills:
 + Level 22.1 Fighting
 + Level 0.7 Long Blades
 + Level 20.9 Axes
 + Level 16.7 Armour
 + Level 8.3 Dodging
 + Level 4.1 Stealth
 O Level 27 Shields


You had 23 spell levels left.
You didn't know any spells.
Your spell library was empty.

Dungeon Overview and Level Annotations

Branches:
Dungeon (15/15)            Temple (0/1) D:4            Lair (5/5) D:10
  Swamp (4/4) Lair:2        Snake (4/4) Lair:2        Slime (0/5) Lair:4
    Orc (0/2) D:9          Vaults (5/5) D:14          Crypt (3/3) Vaults:2
   Tomb (2/3) Crypt:3      Depths (0/4) D:15         Bailey (visited)

Altars:
Ashenzari
Dithmenos
Fedhas
Gozag
Hepliaklqana
Kikubaaqudgha
Ru
Sif Muna
Trog
Uskayaw
Wu Jian
Zin
The Shining One
Jiyva

Shops:
D:9 :   Snake:3 *   Vaults:3 !(?:

Annotations:
D:15 1 transporter


Innate Abilities, Weirdness & Mutations

You are immune to sickness and miasma.
Your stone body is resilient. (AC +18)
You are immune to poison.
Your large and strong wings let you fly.
You resist negative energy. (rN+)
You are resistant to electric shocks. (rElec)
You are resistant to unholy torment.
You are immune to petrification.
Your mind is acute. (Int +4, Str/Dex -1)
Your spells are a little easier to cast, but a little less powerful.
You expend magic power (3 MP) to strengthen your wands.


Message History

The emperor scorpion claws you.
* * * LOW HITPOINT WARNING * * *
The emperor scorpion attacks as it pursues you!
The emperor scorpion stings you but does no damage.
The emperor scorpion claws you.
* * * LOW HITPOINT WARNING * * *
The emperor scorpion claws you but does no damage.
The emperor scorpion stings you but does no damage.
The emperor scorpion claws you but does no damage.
The emperor scorpion misses you.
Unknown command.
A guardian mummy comes into view.
You feel a strong urge to attack something.
The emperor scorpion disappears in a puff of smoke! x2
The death scarab waves its antennae.
You block the death scarab's attack. x2
The mummy priest mumbles some strange prayers to its god.
A mummy comes into view.
The royal mummy gestures wildly while chanting.
Unknown command.
You are too berserk!
A mummy priest comes into view.
You are no longer berserk.
You are exhausted.
You feel as though you will be slow longer.
The death scarab's many legs skitter faintly.
The death scarab disappears in a puff of smoke!
You block the death scarab's attack. The emperor scorpion barely misses you.
The emperor scorpion claws you but does no damage.
You block the emperor scorpion's attack.
The royal mummy calls on the powers of darkness!
The emperor scorpion convulses! x6; Your body is wracked with pain!
* * * LOW HITPOINT WARNING * * *
The emperor scorpion convulses! x2
The mummy priest calls on the powers of darkness!
The emperor scorpion convulses! x10; Your body is wracked with pain!
* * * LOW HITPOINT WARNING * * *
The royal mummy casts a spell at you. Something smites you!
You die...

...##......Z##."
#........M......
##.....Z.M.......
.#.....MZMMz......
.......M.§.zM.....
......sBBsBZMs..?.
.M..sBsMBBss......
......BsB.s..BM...
....##@BsBB..##..
... #sB.B...# .
.(....^..#
............
...##........ ..M.
##....... .....
...... ###M##
#####


You could see 5 royal mummies, 11 emperor scorpions, 2 mummy priests, a skeletal
warrior, a guardian mummy, a spectral alligator snapping turtle (summoned), 14
death scarabs, a laughing skull (summoned), 5 mummies, a harpy skeleton and a
nagaraja skeleton (summoned).

Vanquished Creatures
  Frederick (Vaults:5)
  2 dread liches (Vaults:5)
  Mara (Vaults:5)
  4 ancient liches
  Sojobo (Vaults:4)
  Xtahua (Vaults:3)
  Vv (Crypt:2)
  2 royal mummies
  The ghost of Xusoh the Metallomancer, a veteran GrEE of Gozag (Crypt:2)
  Vashnia (Snake:2)
  A golden dragon (Vaults:5)
  4 bone dragons
  Jorgrun (D:15)
  The ghost of Upnaxuh the Gelid, an adept DgIE (Crypt:2)
  The ghost of Upnaxuh the Gelid, an adept DgIE (Crypt:2)
  2 shard shrike skeletons
  Mlioglotl (Snake:4)
  A lich (Crypt:3)
  6 titans (Vaults:5)
  2 tentacled monstrosities (Vaults:5)
  2 quicksilver dragons
  10 sphinxes
  8 ancient champions
  2 tentacled starspawn (Abyss:2)
  Donald (Crypt:2)
  3 tengu reavers (Vaults:4)
  Aizul (Snake:2)
  3 storm dragons
  4 nagarajas
  3 fenstrider witches
  A shadow dragon (Vaults:5)
  A daeva (Vaults:1)
  9 revenants
  19 vault wardens
  A draconian shifter (Abyss:2)
  3 fire giants (Vaults:5)
  3 frost giants
  2 caustic shrike zombies
  3 iron dragons (Vaults:5)
  2 deep elf sorcerers (Vaults:5)
  7 ghouls
  2 orc warlords
  5 curse skulls
  3 reapers (Crypt:1)
  16 ironbound preservers
  4 formless jellyfish
  2 stone giants (Vaults:5)
  An angel (Vaults:1)
  4 very ugly things
  A juggernaut skeleton (Crypt:1)
  8 ironbound thunderhulks
  7 vampire knights
  2 bennus (Tomb:1)
  4 eleionomae
  6 bunyips
  5 deep elf death magi
  A deep elf annihilator (Vaults:5)
  4 war gargoyles
  12 dire elephants
  6 eidola
  10 mummy priests
  4 ettins (Vaults:5)
  A fire dragon (Lair:5)
  2 green deaths (Swamp:4)
  10 great orbs of eyes
  6 jiangshi
  2 deep elf high priests
  A quicksilver dragon skeleton (Crypt:1)
  An entropy weaver (Vaults:3)
  2 spriggan zombies (Crypt:3)
  Harold (D:11)
  A hell beast (Swamp:4)
  32 vault guards
  18 hydras
  8 ghost crabs
  Erolcha (D:13)
  18 yaktaur captains
  4 ogre magi
  The ghost of Morbidden the Destroyer, a journeyman BaCj of Cheibriados (D:11)
  A catoblepas (D:13)
  16 alligators
  2 ice dragons (D:15)
  2 salamander tyrants (Snake:4)
  10 anacondas
  6 boulder beetles
  13 ironbound frosthearts
  3 spriggan skeletons
  A death knight (Crypt:1)
  A fenstrider witch skeleton (Crypt:1)
  A spark wasp (shapeshifter) (Vaults:5)
  13 two-headed ogres
  13 centaur warriors
  16 death scarabs
  A bennu skeleton (Crypt:1)
  2 titan zombies (Crypt:3)
  7 naga warriors
  3 thrashing horrors
  4 shock serpents
  A tengu warrior (D:14)
  6 vampire magi
  18 naga sharpshooters
  2 deep elf knights
  A fire crab (Lair:5)
  14 spriggans
  42 skeletal warriors
  2 skysharks
  2 shadow wraiths
  5 hellephant skeletons (Crypt:1)
  2 goliath frogs
  A storm dragon skeleton (Crypt:1)
  2 salamander mystics
  A wretched star (Abyss:2)
  47 deep trolls
  A sun moth (shapeshifter) (Vaults:5)
  A glowing orange brain (Vaults:2)
  6 flayed ghosts
  3 large abominations
  A naga ritualist (Snake:2)
  10 bog bodies
  4 mana vipers
  5 swamp dragons
  6 spriggan druids
  A snapping turtle (shapeshifter) (Vaults:5)
  7 arcanists
  An obsidian statue (Vaults:4)
  A deep elf archer (Vaults:5)
  10 phantasmal warriors
  A shadow dragon zombie (Crypt:2)
  An anaconda skeleton (Crypt:1)
  17 ironbound convokers
  9 orc knights
  A deep elf zephyrmancer (Vaults:5)
  2 deep elf pyromancers (Vaults:5)
  3 necromancers
  An iron dragon zombie (Crypt:3)
  A death drake (shapeshifter) (Vaults:5)
  A fire giant zombie (Vaults:4)
  A frost giant zombie (Crypt:2)
  6 cyclopes
  A jorogumo skeleton (Crypt:1)
  Maurice (D:7)
  25 ugly things
  2 will-o-the-wisps
  11 salamanders
  A meliai (shapeshifter) (D:14)
  3 dire elephant zombies
  An apis skeleton (Crypt:1)
  10 elephants
  A manticore (D:15)
  A human skeleton (Vaults:4)
  An ice statue (Lair:2)
  3 meliai (D:13)
  A torpor snail (Lair:2)
  12 vault sentinels
  A molten gargoyle (Lair:5)
  12 naga magi
  32 black mambas
  An eye of devastation (shapeshifter) (Vaults:5)
  5 guardian serpents
  3 dire elephant skeletons
  4 orange demons (Swamp:4)
  6 gargoyles
  A hellion (Abyss:2)
  An elf skeleton (Vaults:4)
  A centaur skeleton (Crypt:3)
  3 efreet
  Maggie (D:6)
  An alligator snapping turtle zombie (Crypt:3)
  An unseen horror (D:12)
  21 cane toads
  48 yaktaurs
  3 freezing wraiths
  A rime drake (Lair:4)
  A minotaur zombie (Crypt:3)
  An ancient zyme (Abyss:2)
  A tengu conjurer (D:14)
  10 komodo dragons
  A kobold demonologist (D:10)
  12 guardian mummies
  6 polar bears
  A merfolk (shapeshifter) (Vaults:5)
  An alligator snapping turtle skeleton (Crypt:1)
  4 trolls
  A harpy zombie (Crypt:3)
  A tarantella (Vaults:3)
  8 blink frogs
  3 harpy skeletons (Crypt:1)
  13 hornets
  A dream sheep (shapeshifter) (Vaults:5)
  A hydra skeleton (Crypt:1)
  6 tyrant leeches
  3 raiju (Abyss:2)
  An ettin zombie (Crypt:2)
  33 slime creatures
  2 fire dragon skeletons (Crypt:3)
  4 vampires (Crypt:3)
  7 shadows
  4 ushabtiu (Tomb:1)
  2 guardian serpent skeletons (Crypt:1)
  12 wraiths
  A ynoxinul (Abyss:2)
  13 wyverns
  5 basilisks
  A human (D:14)
  39 yaks
  Grum (D:11)
  2 redbacks (Vaults:3)
  A steam dragon (D:9)
  13 vampire mosquitoes
  A basilisk (shapeshifter) (Vaults:5)
  28 nagas
  14 swamp worms
  7 acid dragons
  13 water moccasins
  3 hell hounds (Lair:5)
  A deep troll skeleton (Crypt:1)
  A glowing shapeshifter skeleton (Crypt:2)
  6 black bears
  A swamp drake (Swamp:1)
  7 ice beasts
  13 orc warriors
  A hornet zombie (D:8)
  A swamp dragon zombie (Crypt:3)
  A blink frog zombie (Crypt:1)
  15 centaurs
  18 laughing skulls
  10 wolves
  12 ogres
  A phantom (D:5)
  3 kobold brigands
  A necrophage (Crypt:2)
  A brain worm (shapeshifter) (D:14)
  2 scorpions
  10 bullfrogs
  A gnoll sergeant (D:10)
  2 small abominations (Abyss:2)
  11 wights
  A burial acolyte (D:6)
  11 killer bees (D:9)
  2 electric eels
  4 howler monkeys
  4 bombardier beetles
  5 lava snakes (Lair:5)
  A wolf skeleton (Crypt:1)
  5 hounds
  A jelly (D:6)
  2 gnoll boudas
  9 orc priests
  2 centaur zombies
  7 iguanas
  6 orc wizards
  A killer bee zombie (D:8)
  A crocodile zombie (Crypt:2)
  A deep dwarf skeleton (Crypt:2)
  3 hound zombies (D:6)
  A tengu skeleton (Crypt:1)
  13 mummies
  A howler monkey zombie (D:8)
  8 gnolls
  6 adders
  2 shadow imps (D:6)
  5 white imps
  4 ufetubi
  3 ribbon worms
  59 orcs
  3 bats
  3 endoplasms
  3 giant cockroaches
  A gnoll zombie (D:6)
  5 goblins
  2 hobgoblins (D:4)
  6 jackals
  7 quokkas
  6 ball pythons
  4 frilled lizards
  A goblin skeleton (Crypt:1)
  9 kobolds
  3 kobold zombies (D:6)
  A quokka zombie (Crypt:2)
  3 rats
  3 starspawn tentacles (Abyss:2)
1550 creatures vanquished.

Vanquished Creatures (collateral kills)
  A royal mummy (Tomb:1)
  A titan (Vaults:5)
  An ironbound preserver (Vaults:1)
  A dire elephant (Vaults:3)
  A war gargoyle (Vaults:1)
  An eidolon (Crypt:2)
  A mummy priest (Tomb:1)
  A jiangshi (Crypt:2)
  A vault guard (Vaults:1)
  A naga warrior (Snake:4)
  A naga sharpshooter (Snake:4)
  A molten gargoyle (Lair:5)
  A vault sentinel (Vaults:1)
  2 cane toads (Lair:2)
  A yaktaur (Vaults:1)
  A wyvern (Lair:5)
  2 yaks (Lair:2)
  2 basilisks (Lair:5)
  A hell hound (Lair:5)
  2 orc warriors (Bailey)
24 creatures vanquished.

Vanquished Creatures (others)
  A sphinx (Tomb:1)
  An ancient champion (Crypt:2)
  A curse skull (Crypt:2)
  An alligator (Swamp:2)
  2 vampire magi (Crypt:2)
  A necromancer (Vaults:2)
  A tyrant leech (Swamp:1)
  A bloated husk (Swamp:1)
  2 wraiths (Crypt:2)
  A naga (Snake:2)
  2 foxfires (Swamp:3)
  3 starspawn tentacles (Abyss:2)
17 creatures vanquished.

Grand Total: 1591 creatures vanquished

Notes
Turn   | Place    | Note
-------+----------+-------------------------------------------
     0 | D:1      | Gargoyl the Gargoyle Berserker began the quest for the Orb.
     0 | D:1      | Reached XP level 1. HP: 14/14 MP: 1/1
   477 | D:1      | Reached XP level 2. HP: 12/19 MP: 2/2
  1729 | D:3      | Reached XP level 3. HP: 24/24 MP: 3/3
  1803 | D:3      | Found a glowing golden altar of the Shining One.
  1989 | D:3      | Found a broken altar of Ashenzari.
  2035 | D:3      | Found a faded altar of an unknown god.
  2107 | D:3      | Found a hide-covered altar of Uskayaw.
  2252 | D:3      | Found a sacrificial altar of Ru.
  2394 | D:4      | Reached ** piety under Trog
  2402 | D:4      | Reached XP level 4. HP: 29/29 MP: 4/4
  2540 | D:4      | Noticed a wyvern
  2545 | D:4      | Killed a wyvern
  2546 | D:4      | Reached XP level 5. HP: 34/34 MP: 5/5
  2546 | D:4      | Reached XP level 6. HP: 39/39 MP: 6/6
  2705 | D:4      | Found a staircase to the Ecumenical Temple.
  2871 | D:4      | Reached skill level 1 in Stealth
  2915 | D:4      | Found an opulent altar of Gozag.
  3130 | D:5      | Entered Level 5 of the Dungeon
  3133 | D:5      | Noticed a black bear
  3140 | D:5      | Reached skill level 5 in Axes
  3143 | D:5      | Killed a black bear
  3144 | D:5      | Reached XP level 7. HP: 44/44 MP: 7/7
  3305 | D:5      | Noticed a two-headed ogre
  3405 | D:5      | Killed a two-headed ogre
  3406 | D:5      | Reached skill level 5 in Fighting
  3406 | D:5      | Reached skill level 5 in Armour
  3406 | D:5      | Reached XP level 8. HP: 49/50 MP: 8/8
  3511 | D:5      | Reached XP level 9. HP: 55/55 MP: 9/9
  4144 | D:6      | Identified the +8 shortbow of War {heavy, rC+ Str+3 Int+4
                  | Dex-2}
  4177 | D:6      | Found an ancient bone altar of Kikubaaqudgha.
  4415 | D:6      | Found a bloodstained altar of Trog.
  4493 | D:6      | Noticed Maggie
  4517 | D:6      | Gained mutation: You occasionally lose the ability to read
                  | scrolls when taking damage. [potion of mutation]
  4583 | D:6      | Killed Maggie
  4584 | D:6      | Reached skill level 10 in Axes
  4584 | D:6      | Reached XP level 10. HP: 61/61 MP: 10/10
  4640 | D:6      | Reached *** piety under Trog
  4890 | D:5      | Found an ornate altar of the Wu Jian Council.
  5317 | D:7      | Noticed Maurice
  5328 | D:7      | Something stole a +0 flail of distortion
  5343 | D:7      | Something stole 268 gold
  5379 | D:7      | Killed Maurice
  6995 | D:8      | Found a shimmering blue altar of Sif Muna.
  7384 | D:9      | Reached XP level 11. HP: 55/68 MP: 11/11
  7659 | D:9      | Found Dueck's Self-Improvement Boutique.
  7867 | D:9      | Found a staircase to the Orcish Mines.
  8010 | D:9      | Found a shadowy altar of Dithmenos.
  8112 | D:9      | Found a glowing silver altar of Zin.
  8184 | D:9      | Found a hazy altar of Hepliaklqana.
  8265 | D:10     | Entered Level 10 of the Dungeon
  8267 | D:10     | Found a flagged portal.
  8286 | Bailey   | Entered a bailey
  8324 | Bailey   | Reached **** piety under Trog
  8479 | Bailey   | Noticed an orc knight
  8507 | Bailey   | Killed an orc knight
  8567 | Bailey   | Identified the +0 fire dragon scales of the Sun {rF++ rC-
                  | rCorr MP+9 Stlth+}
  9109 | D:10     | Reached skill level 1 in Shields
  9286 | D:10     | Reached skill level 2 in Shields
  9395 | D:10     | Reached skill level 3 in Shields
  9584 | D:10     | Reached skill level 4 in Shields
  9595 | D:10     | Found a staircase to the Lair.
  9920 | D:10     | Found a blossoming altar of Fedhas.
 10115 | Lair:1   | Entered Level 1 of the Lair of Beasts
 10174 | Lair:1   | Reached XP level 12. HP: 66/76 MP: 12/12
 10189 | Lair:1   | Reached skill level 5 in Shields
 10421 | Lair:1   | Reached skill level 6 in Shields
 10898 | Lair:2   | Identified the +0 robe of Xoec {rF+ rC+ SInv}
 10904 | Lair:2   | Noticed a skyshark
 10929 | Lair:2   | Killed a skyshark
 10964 | Lair:2   | Reached skill level 10 in Armour
 10980 | Lair:2   | Reached skill level 7 in Shields
 11286 | Lair:2   | Noticed a six-headed hydra
 11297 | Lair:2   | Killed a three-headed hydra
 11298 | Lair:2   | Reached skill level 10 in Fighting
 11298 | Lair:2   | Reached skill level 8 in Shields
 11316 | Lair:1   | Reached XP level 13. HP: 37/82 MP: 13/13
 11697 | Lair:2   | Found a staircase to the Snake Pit.
 11830 | Lair:2   | Reached skill level 9 in Shields
 11845 | Lair:2   | Identified the +8 rapier of Xesiqohoti {venom, Int+3}
 12103 | Lair:2   | Reached skill level 5 in Dodging
 12628 | Lair:2   | Reached skill level 10 in Shields
 12855 | Lair:2   | Found a staircase to the Swamp.
 12970 | Lair:2   | Identified the +9 dagger "Ufui" {vamp, ^Contam rC- Str+4
                  | Dex+9}
 13992 | Lair:4   | Identified a scroll of acquirement
 13992 | Lair:4   | Acquired the amulet "Zuhoad" {Reflect Slay+6 SH+5}
 14473 | Lair:4   | Found a viscous altar of Jiyva.
 14473 | Lair:4   | Found a staircase to the Slime Pits.
 14555 | Lair:4   | Reached skill level 11 in Shields
 14876 | Lair:5   | Entered Level 5 of the Lair of Beasts
 14927 | Lair:5   | Gained mutation: Your large and strong wings let you fly.
                  | [Gargoyle growth]
 14927 | Lair:5   | Reached XP level 14. HP: 78/90 MP: 14/14
 15440 | Lair:5   | Reached skill level 12 in Shields
 15715 | Lair:5   | Found a large runed translucent door.
 15715 | Lair:5   | Found a large runed translucent door.
 16333 | D:11     | Noticed Grum
 16350 | D:11     | Killed Grum
 16502 | D:11     | Noticed Harold
 16525 | D:11     | Killed Harold
 16828 | D:11     | Found a runed translucent gate.
 16829 | D:11     | Found a runed translucent gate.
 16830 | D:11     | Found a runed translucent gate.
 16830 | D:11     | Found an opulent altar of Gozag.
 16832 | D:11     | Noticed Morbidden's ghost (journeyman BaCj)
 16919 | D:11     | Reached skill level 13 in Shields
 16929 | D:11     | Killed Morbidden's ghost
 17710 | D:13     | Noticed Erolcha
 17727 | D:13     | Killed Erolcha
 17839 | D:13     | Found a shadowy altar of Dithmenos.
 18074 | D:13     | Reached skill level 14 in Shields
 18435 | D:14     | Reached XP level 15. HP: 96/96 MP: 15/15
 18870 | D:14     | Reached skill level 15 in Shields
 18881 | D:14     | Found a gate to the Vaults.
 18997 | D:14     | Reached ***** piety under Trog
 19214 | D:15     | Entered Level 15 of the Dungeon
 19214 | D:15     | Found a transporter.
 19214 | D:15     | Found a transporter.
 19418 | D:15     | Reached skill level 15 in Axes
 19418 | D:15     | Found a staircase to the Depths.
 19754 | D:15     | Noticed Jorgrun
 19773 | D:15     | Killed Jorgrun
 20291 | Snake:1  | Entered Level 1 of the Snake Pit
 20443 | Snake:1  | Identified the +2 flail of the Gnat {flame, rN+ Will- rCorr
                  | Int+7}
 20914 | Snake:1  | Reached skill level 16 in Shields
 21222 | Snake:1  | Reached XP level 16. HP: 102/103 MP: 16/16
 21861 | Snake:1  | Received a gift from Trog
 22552 | Snake:2  | Identified the serpent talisman of Dramatic Exits {Dex+3}
 22552 | Snake:2  | Noticed Aizul
 22576 | Snake:2  | Killed Aizul
 22745 | Snake:2  | Noticed Vashnia
 22755 | Snake:2  | Reached skill level 17 in Shields
 22789 | Snake:2  | Killed Vashnia
 22805 | Snake:2  | Acquired the +5 broad axe of Glowing Dismemberment {speed,
                  | rC+ rN+ Str+2}
 23750 | Snake:3  | Noticed a nagaraja
 23779 | Snake:3  | Killed a nagaraja
 23945 | Snake:3  | Found Pamnu's Neck Hole.
 24463 | Snake:4  | Entered Level 4 of the Snake Pit
 24507 | Snake:4  | Noticed a nagaraja
 24518 | Snake:4  | Reached skill level 18 in Shields
 24519 | Snake:4  | Noticed Mlioglotl
 24537 | Snake:4  | Killed a nagaraja
 24543 | Snake:4  | Killed Mlioglotl
 24773 | Snake:4  | Noticed a quicksilver dragon
 24793 | Snake:4  | Killed a quicksilver dragon
 24832 | Snake:4  | Got a serpentine rune of Zot
 24977 | Snake:4  | Reached XP level 17. HP: 108/110 MP: 17/17
 25067 | Snake:4  | Reached skill level 19 in Shields
 26182 | Vaults:1 | Entered Level 1 of the Vaults
 26716 | Vaults:1 | Reached skill level 20 in Shields
 27342 | Vaults:1 | Received a gift from Trog
 27498 | Vaults:1 | Reached XP level 18. HP: 117/117 MP: 18/18
 27793 | Vaults:1 | Found a runed translucent gate.
 27793 | Vaults:1 | Found a runed translucent gate.
 27794 | Vaults:1 | Found a runed translucent gate.
 28166 | Vaults:1 | Found a glowing golden altar of the Shining One.
 28650 | Vaults:2 | Reached skill level 21 in Shields
 28831 | Vaults:2 | Found a staircase to the Crypt.
 28855 | Vaults:2 | Reached skill level 15 in Fighting
 30764 | Vaults:3 | Found Zesiwaleo's Antique Weapon Emporium.
 30808 | Vaults:3 | Reached XP level 19. HP: 113/125 MP: 19/19
 30814 | Vaults:3 | Reached skill level 22 in Shields
 30939 | Vaults:3 | Noticed Xtahua
 30966 | Vaults:3 | Paralysed by Xtahua for 3 turns
 30977 | Vaults:3 | Killed Xtahua
 31189 | Vaults:3 | Found Rokk's Distillery.
 31198 | Vaults:3 | Found Arphibla's Magic Scroll Shoppe.
 31207 | Vaults:3 | Bought a scroll of teleportation for 36 gold pieces
 31207 | Vaults:3 | Bought a scroll of enchant weapon for 90 gold pieces
 31207 | Vaults:3 | Bought a scroll of brand weapon for 114 gold pieces
 31667 | Vaults:3 | Found Giuxodda's Book Emporium.
 32291 | Vaults:3 | Identified the +7 triple crossbow of the Healing Gods
                  | {speed, Will+}
 32713 | Vaults:4 | Reached skill level 23 in Shields
 32943 | Vaults:4 | Received a gift from Trog
 33706 | Vaults:4 | Found a gateway to a bazaar.
 33719 | Bazaar   | Entered a bazaar
 33719 | Bazaar   | Found Viulaulim's Magic Scroll Shop.
 33719 | Bazaar   | Found Dem Nov's Distillery.
 33719 | Bazaar   | Found Hikouw's Assorted Antiques.
 33721 | Bazaar   | Found Zeken's Magic Scroll Shoppe.
 33721 | Bazaar   | Found Xunk's Distillery.
 33748 | Bazaar   | Bought a scroll of enchant armour for 135 gold pieces
 33748 | Bazaar   | Bought a scroll of enchant weapon for 135 gold pieces
 33753 | Bazaar   | Bought a potion of heal wounds for 45 gold pieces
 33759 | Bazaar   | Bought a scroll of teleportation for 33 gold pieces
 33759 | Bazaar   | Bought a scroll of teleportation for 33 gold pieces
 33759 | Bazaar   | Bought a scroll of enchant weapon for 82 gold pieces
 33759 | Bazaar   | Bought a scroll of teleportation for 33 gold pieces
 33951 | Vaults:4 | Noticed Sojobo
 33973 | Vaults:4 | Killed Sojobo
 33978 | Vaults:4 | Lost mutation: You occasionally lose the ability to read
                  | scrolls when taking damage. [potion of mutation]
 33978 | Vaults:4 | Gained mutation: You occasionally lose the ability to read
                  | scrolls when taking damage. [potion of mutation]
 33978 | Vaults:4 | Gained mutation: You are strong-willed. (Will+) [potion of
                  | mutation]
 34120 | Vaults:4 | Reached XP level 20. HP: 129/132 MP: 20/20
 34587 | Vaults:5 | Entered Level 5 of the Vaults
 35088 | Vaults:5 | Reached skill level 24 in Shields
 35185 | Vaults:5 | Noticed a dread lich
 35186 | Vaults:5 | Paralysed by a dread lich for 3 turns
 35216 | Vaults:5 | Paralysed by something for 5 turns
 35218 | Vaults:5 | Noticed a Brimstone Fiend
 35230 | Vaults:5 | Killed a dread lich
 35418 | Vaults:5 | Noticed a golden dragon
 35433 | Vaults:5 | Killed a golden dragon
 35719 | Abyss:2  | Cast into level 2 of the Abyss (a deep elf sorcerer)
 35996 | Abyss:2  | Noticed a bone dragon
 36220 | Vaults:5 | Escaped the Abyss
 36220 | Vaults:5 | Noticed Mara
 36221 | Vaults:5 | Noticed Gargoyl's illusion
 36274 | Vaults:5 | Killed Mara
 36479 | Vaults:5 | Reached XP level 21. HP: 137/140 MP: 21/21
 36527 | Vaults:5 | Noticed an ancient lich
 36539 | Vaults:5 | Killed an ancient lich
 36645 | Vaults:5 | Reached skill level 25 in Shields
 36756 | Vaults:5 | Identified the +5 spear of the Equator {chaos, ^Drain Will+
                  | Str+5}
 38008 | Vaults:5 | Noticed a dread lich
 38032 | Vaults:5 | Killed a dread lich
 38435 | Vaults:5 | Identified the orb "Miohoc" {light, Int+3 Hexes}
 38435 | Vaults:5 | Noticed Frederick
 38450 | Vaults:5 | Killed Frederick
 38877 | Vaults:5 | Got a silver rune of Zot
 39010 | Vaults:5 | Reached skill level 15 in Armour
 39591 | Swamp:1  | Entered Level 1 of the Swamp
 39935 | Swamp:1  | Reached skill level 26 in Shields
 39959 | Swamp:1  | Paralysed by a fenstrider witch for 2 turns
 40717 | Swamp:2  | Received a gift from Trog
 40915 | Swamp:2  | Reached XP level 22. HP: 146/147 MP: 22/22
 41648 | Swamp:4  | Entered Level 4 of the Swamp
 41835 | Swamp:4  | Found a glacial archway.
 42272 | Swamp:4  | Got a decaying rune of Zot
 42289 | Swamp:4  | Reached ****** piety under Trog
 42517 | Swamp:4  | Reached skill level 27 in Shields
 43149 | Crypt:1  | Entered Level 1 of the Crypt
 43158 | Crypt:1  | Received a gift from Trog
 43449 | Crypt:1  | Found a huge runed translucent gate.
 43449 | Crypt:1  | Found a huge runed translucent gate.
 43449 | Crypt:1  | Found a huge runed translucent gate.
 43449 | Crypt:1  | Found a huge runed translucent gate.
 43449 | Crypt:1  | Found a huge runed translucent gate.
 43449 | Crypt:1  | Found a huge runed translucent gate.
 43449 | Crypt:1  | Found a huge runed translucent gate.
 43450 | Crypt:1  | Found a huge runed translucent gate.
 43450 | Crypt:1  | Found a huge runed translucent gate.
 43450 | Crypt:1  | Found a huge runed translucent gate.
 43451 | Crypt:1  | Found a huge runed translucent gate.
 43451 | Crypt:1  | Found a huge runed translucent gate.
 43451 | Crypt:1  | Found a huge runed translucent gate.
 43452 | Crypt:1  | Found a huge runed translucent gate.
 43495 | Crypt:1  | Found a huge runed translucent gate.
 43495 | Crypt:1  | Found a huge runed translucent gate.
 43496 | Crypt:1  | Found a huge runed translucent gate.
 43497 | Crypt:1  | Found a huge runed translucent gate.
 43497 | Crypt:1  | Found a huge runed translucent gate.
 43497 | Crypt:1  | Found a huge runed translucent gate.
 43498 | Crypt:1  | Found a huge runed translucent gate.
 43498 | Crypt:1  | Found a huge runed translucent gate.
 43498 | Crypt:1  | Found a huge runed translucent gate.
 43498 | Crypt:1  | Found a huge runed translucent gate.
 43500 | Crypt:1  | Found a huge runed translucent gate.
 43502 | Crypt:1  | Found a huge runed translucent gate.
 43503 | Crypt:1  | Found a huge runed translucent gate.
 43504 | Crypt:1  | Found a huge runed translucent gate.
 43505 | Crypt:1  | Found a huge runed translucent gate.
 43506 | Crypt:1  | Found a huge runed translucent gate.
 43506 | Crypt:1  | Found a huge runed translucent gate.
 43511 | Crypt:1  | Found a huge runed translucent gate.
 43512 | Crypt:1  | Found a huge runed translucent gate.
 43512 | Crypt:1  | Found a huge runed translucent gate.
 43512 | Crypt:1  | Found a huge runed translucent gate.
 43512 | Crypt:1  | Found a huge runed translucent gate.
 44012 | Crypt:1  | Received a gift from Trog
 44029 | Crypt:1  | Identified the +9 flail "Qerghoi" {freeze, Fly Dex+3}
 44064 | Crypt:1  | Identified the +4 plate armour of Philately {Fly rCorr}
 44386 | Crypt:1  | Reached XP level 23. HP: 155/155 MP: 23/23
 44625 | Crypt:1  | Identified the ring "Woexzaji" {Fire rElec Will++ rCorr
                  | Dex-3}
 44628 | Crypt:1  | Identified the ring "Sutrilacw" {^Drain rN+++ Str+3 Dex-3
                  | SInv}
 44792 | Crypt:2  | Found a transporter.
 44795 | Crypt:2  | Found a transporter.
 44796 | Crypt:2  | Noticed Xusoh's ghost (veteran GrEE)
 44820 | Crypt:2  | Noticed Upnaxuh's ghost (adept DgIE)
 44952 | Crypt:2  | Noticed a royal mummy
 44953 | Crypt:2  | Noticed Upnaxuh's ghost (adept DgIE)
 45126 | Crypt:2  | Noticed Vv
 45156 | Crypt:2  | Killed Vv
 45314 | Crypt:2  | Noticed Donald
 45339 | Crypt:2  | Killed Donald
 45599 | Crypt:2  | Killed Upnaxuh's ghost
 45603 | Crypt:2  | Killed Xusoh's ghost
 45609 | Crypt:2  | Killed a royal mummy
 45639 | Crypt:2  | Killed Upnaxuh's ghost
 45757 | Crypt:2  | Lost mutation: You occasionally lose the ability to read
                  | scrolls when taking damage. [potion of mutation]
 45757 | Crypt:2  | Lost mutation: You are strong-willed. (Will+) [potion of
                  | mutation]
 45757 | Crypt:2  | Gained mutation: Your magical capacity is low. (-10% MP)
                  | [potion of mutation]
 45757 | Crypt:2  | Lost mutation: Your magical capacity is low. (-10% MP)
                  | [potion of mutation]
 45758 | Crypt:2  | Gained mutation: You are agile. (Dex +4, Str/Int -1)
                  | [potion of mutation]
 45758 | Crypt:2  | Gained mutation: Your mind is acute. (Int +4, Str/Dex -1)
                  | [potion of mutation]
 45758 | Crypt:2  | Gained mutation: You sometimes lose your temper in combat.
                  | [potion of mutation]
 45759 | Crypt:2  | Lost mutation: You are agile. (Dex +4, Str/Int -1) [potion
                  | of mutation]
 45759 | Crypt:2  | Lost mutation: You sometimes lose your temper in combat.
                  | [potion of mutation]
 45759 | Crypt:2  | Gained mutation: Your muscles are strong. (Str +4, Int/Dex
                  | -1) [potion of mutation]
 45759 | Crypt:2  | Lost mutation: Your muscles are strong. (Str +4, Int/Dex
                  | -1) [potion of mutation]
 45759 | Crypt:2  | Gained mutation: Your spells are a little easier to cast,
                  | but a little less powerful. [potion of mutation]
 45759 | Crypt:2  | Gained mutation: You expend magic power (3 MP) to
                  | strengthen your wands. [potion of mutation]
 45834 | Crypt:3  | Entered Level 3 of the Crypt
 46505 | Crypt:3  | Received a gift from Trog
 46526 | Crypt:3  | Found a staircase to the Tomb.
 46531 | Crypt:3  | Found the sphere of Battle
 46787 | Crypt:3  | Noticed an ancient lich
 46789 | Crypt:3  | Killed an ancient lich
 47305 | Crypt:3  | Found an ancient bone altar of Kikubaaqudgha.
 47305 | Crypt:3  | Noticed an ancient lich
 47311 | Crypt:3  | Killed an ancient lich
 47360 | Crypt:3  | Identified the amulet "Dimin" {rElec rPois Regen+ Str+2
                  | Slay+3}
 47360 | Crypt:3  | Identified the ring "Fojuesoxt" {rF+ rN+ rCorr Int-5}
 47360 | Crypt:3  | Identified the ring "Syxyofe" {rN+ Str+2 Slay+4}
 47371 | Crypt:3  | Noticed an ancient lich
 47385 | Crypt:3  | Killed an ancient lich
 47808 | Tomb:1   | Entered Level 1 of the Tomb of the Ancients
 47870 | Tomb:1   | Reached XP level 24. HP: 166/166 MP: 23/23
 48147 | Tomb:1   | Paralysed by a sphinx for 5 turns
 48178 | Tomb:1   | Received a gift from Trog
 48270 | Tomb:1   | Noticed a royal mummy
 48287 | Tomb:1   | Killed a royal mummy
 48607 | Tomb:1   | Noticed a royal mummy
 48623 | Tomb:1   | Killed a royal mummy
 48940 | Tomb:1   | Identified the ring "Kaodwej" {rElec EV+5 Str+2}
 49427 | Tomb:2   | Noticed a royal mummy
 49432 | Tomb:2   | Noticed a royal mummy
 49432 | Tomb:2   | Noticed a royal mummy
 49432 | Tomb:2   | Noticed a royal mummy
 49434 | Tomb:2   | Noticed a royal mummy
 49447 | Tomb:2   | Killed from afar by a royal mummy

Illustrated notes

Levels and vault maps discovered:
D:1:      heliophobic_arrival_ceremonial_halls, layout_basic
D:2:      layout_loops_ring, corexii_hall_statues_x, minmay_misc_feat_enclosed
D:3:      layout_loops_ring, mainiacjoe_overflow_six_doors_small,
          mainiacjoe_overflow_surrounded_room, nicolae_ru_path_of_blood,
          eat_drink_and_be_merry_uskayaw, ebering_ecumenical_altar_mist
D:4:      layout_loops_ring, mainiacjoe_overflow_catwalk,
          minmay_temple_entry_large_hall
D:5:      minmay_clustersquares, layout_layer_cave, marbit_many_paths
D:6:      layout_loops_ring, regret_index_kikubaaqudgha_part_by_part,
          trog_ov_bears_minmay, minmay_microvault, uniq_maggie
D:7:      layout_loops_ring, uniq_maurice
D:8:      layout_loops_corners, nicolae_sif_muna_little_library, serial_undead,
          serial_undead_f, serial_undead_f, serial_undead_f, serial_undead_b,
          serial_undead_f
D:9:      minmay_spotlight, layout_cave_pools,
          riverfiend_overflow_shadow_ancestor, kennysheep_little_box,
          david_orc_2, nicolae_shop_self_help
D:10:     layout_long_grid, fedhas_altar_2, erik_lair_dragon, enter_bailey_6
D:11:     layout_irregular_city, ebering_ghost_gozag, uniq_grum, uniq_harold
D:12:     layout_basic
D:13:     layout_small_grid, corexii_corridor_pit, serial_bayou_pond_c,
          hangedman_decor_growths, nicolae_dithmenos_the_darkroom, uniq_erolcha
D:14:     layout_rooms, grunt_vaults_entry_fortified
D:15:     grunt_enter_depths_hoard, layout_irregular_city,
          hangedman_glass_teeth, nicolae_diode_stairs, uniq_jorgrun
Lair:1:   layout_long_grid
Lair:2:   nzn_winding_woodlands_three_and_one
          [nzn_winding_woodlands_5x15_sawtooth, nzn_winding_woodlands_5x15_eye,
          nzn_winding_woodlands_5x15_crooked,
          nzn_winding_woodlands_center_garden], layout_regular_city,
          nicolae_swamp_entry_splash_gauntlet, guppyfry_snake_entry_garden,
          ice2_lemuel
Lair:3:   layout_roguey
Lair:4:   layout_concentric_octagons, dpeg_slime_entry_enclosed, serial_forest,
          infiniplex_forest_lined_4_way, infiniplex_forest_clump_diagonal,
          infiniplex_forest_straight_3, infiniplex_forest_clump_medium,
          infiniplex_forest_end_1
Lair:5:   cheibrodos_lair_end_hotspot, layout_big_grid
Swamp:1:  layout_falls_marsh, evilmike_swamp_ruin_rubble_2
Swamp:2:  nicolae_swamp_standing_stones, layout_basic_swamp,
          nicolae_swamp_orc_logging_accident
Swamp:3:  layout_falls_marsh, nicolae_swamp_stuck_in_the_mud, swamp_pool_5,
          nicolae_swamp_spriggan_camp
Swamp:4:  swamp_vile, layout_basic_swamp, portal_ice_cave_entry_pillars_2,
          swamp_pool_1_2
Snake:1:  layout_layer_cave
Snake:2:  layout_layer_cave, nicolae_snake_slithery_corners, uniq_aizul,
          uniq_vashnia
Snake:3:  layout_onion_interference, nicolae_shop_sticking_my_neck_out
Snake:4:  hellmonk_snake_rune_quicksilver_temple, layout_misc_corridors,
          uniq_mlioglotl
Vaults:1: abrahamwl_protected_by_tso_3, ontoclasm_vaults_shuriken,
          nicolae_vaults_tetromino_T_1, nicolae_vaults_cornered_office,
          nicolae_vaults_turnstiles, nicolae_vaults_hexular_roomagon,
          nicolae_vaults_hexular_roomagon, hangedman_vaults_nails,
          ontoclasm_vaults_claustrophobia, nicolae_vaults_hallways_thing,
          nicolae_vaults_circle_grid_a, hangedman_vaults_river_flow,
          nicolae_vaults_little_squares_5, layout_vaults_big_cross
Vaults:2: minmay_crypt_entry_simple_round, st_cross, nicolae_vaults_theta,
          nicolae_vaults_network_square, nicolae_vaults_rhombus_7,
          ontoclasm_vaults_ligature, nicolae_vaults_door_testing_chamber,
          nicolae_vaults_mini_display_case, nicolae_vaults_house_2,
          layout_vaults_omnigrid
Vaults:3: hangedman_vaults_impose, nicolae_vaults_surprise_closet_hard,
          ontoclasm_vaults_misaligned, hangedman_vaults_stitches,
          ontoclasm_vaults_loading_screen, nicolae_vaults_diamond_1, v_misc_27,
          nicolae_vaults_diamond_1, ontoclasm_vaults_spin, v_misc_3,
          hangedman_vaults_trim, nicolae_vaults_yaktaur_gun_rack,
          nicolae_vaults_trapezoid_2, layout_vaults_omnibox, serial_shops,
          shop_statue, shop, shop, nicolae_shop_temple_entry_statues_fountains,
          uniq_xtahua, uniq_margery
Vaults:4: nicolae_vaults_prndl, hangedman_vaults_capsules,
          nicolae_vaults_little_squares_1, vaults_room_boxed,
          hangedman_vaults_hat, nicolae_vaults_house_2, nicolae_vaults_two_Ls,
          ontoclasm_vaults_hangar, nicolae_vaults_storage_closets_2,
          layout_vaults_big_room, serial_shops, statue_bzr, uniq_sojobo
Vaults:5: uniq_mara, uniq_frederick
Crypt:1:  nicolae_crypt_knochenhaus, layout_rooms, minmay_strange_pillars,
          door_vault
Crypt:2:  layout_catacombs, nzn_ghost_randoct, grunt_megastairs_5, uniq_donald,
          uniq_vv
Crypt:3:  quadcrypt_mu
Tomb:1
Tomb:2

Skill      XL: |  1  2  3  4  5  6  7  8  9 10 11 12 13 14 15 16 17 18 19 20 21 22 23 24 |
---------------+-------------------------------------------------------------------------+-----
Axes           | 3 4 5 7 10 11 12 13 14 15 16 17 18 19 20 | 20.9
Fighting       | 4 5 6 7 9 10 11 12 13 14 15 16 17 18 19 21 22 | 22.1
Dodging        | 2 3 4 5 6 7 8 |  8.3
Armour         | 3 5 6 8 9 10 11 12 13 14 15 16 | 16.7
Stealth        | 1 2 3 4 |  4.1
Shields        | 4 8 11 14 16 18 20 21 23 24 26 27 | 27.0
Long Blades    | |  0.7

Action                     |  1- 3 |  4- 6 |  7- 9 | 10-12 | 13-15 | 16-18 | 19-21 | 22-24 || total
---------------------------+-------+-------+-------+-------+-------+-------+-------+-------++-------
  Melee: Hand axe          |   119 |    76 |   219 |   891 |  1219 |  1386 |  1571 |   379 ||  5860
         Punch             |     2 |     2 |     1 |    18 |       |       |       |       ||    23
         Scimitar          |       |       |       |       |       |       |    14 |       ||    14
         War axe           |       |       |       |       |       |       |    25 |   129 ||   154
         Broad axe         |       |       |       |       |       |       |       |  1092 ||  1092
 Invoke: Berserk           |     2 |     3 |     6 |    19 |    21 |    18 |    23 |    17 ||   109
         Trog's Hand       |       |     2 |     2 |     8 |     9 |    19 |    26 |    11 ||    77
         Brothers in Arms  |       |       |       |     2 |     1 |     5 |     7 |     7 ||    22
    Use: Scroll            |    11 |       |     8 |     5 |     5 |    12 |     8 |     2 ||    51
         Potion            |       |       |     5 |     2 |     2 |     1 |     7 |     6 ||    23
   Stab: Distracted        |       |       |       |     1 |       |     2 |       |     1 ||     4
 Armour: Animal skin       |    30 |       |       |       |       |       |       |       ||    30
         Chain mail        |    40 |    53 |   169 |   576 |   496 |   498 |   391 |       ||  2223
         Gold dragon scale |       |       |       |       |       |       |   307 |   653 ||   960
  Dodge: Dodged            |    83 |    58 |   197 |   559 |   350 |   409 |   359 |   364 ||  2379
  Block: Tower shield      |       |       |       |   444 |  1432 |  1894 |  1919 |  1864 ||  7553
         Reflection        |       |       |       |       |   110 |   179 |   143 |    33 ||   465

Table legend: (Time is in decaauts)
 A = Elapsed time spent in this place.
 B = Non-inter-level travel time spent in this place.
 C = Inter-level travel time spent in this place.
 D = Time resting spent in this place.
 E = Time spent auto-exploring this place.
 F = Levels seen in this place.
 G = Mean time per level.
                   A        B        C        D        E       F      G
               +--------+--------+--------+--------+--------+-----+--------+
         Total |  48224 |  45365 |   2859 |   7736 |  26379 |  41 | 1176.2 |
       Dungeon |  14520 |  13283 |   1237 |   1029 |   9310 |  15 |  968.0 |
          Lair |   6229 |   5669 |    560 |    838 |   3355 |   5 | 1245.8 |
         Swamp |   2946 |   2760 |    186 |      0 |   1942 |   4 |  736.5 |
     Snake Pit |   5481 |   5336 |    145 |    787 |   3478 |   4 | 1370.2 |
        Vaults |  12185 |  11840 |    345 |   3904 |   5082 |   5 | 2437.0 |
         Crypt |   4264 |   4060 |    204 |    399 |   2404 |   3 | 1421.3 |
          Tomb |   1639 |   1460 |    179 |    507 |    561 |   2 |  819.5 |
         Abyss |    487 |    487 |      0 |    270 |     34 |   1 |  487.0 |
        Bazaar |     70 |     70 |      0 |      0 |     22 |   1 |   70.0 |
        Bailey |    400 |    400 |      0 |      0 |    189 |   1 |  400.0 |
               +--------+--------+--------+--------+--------+-----+--------+

Top non-repeatable levels by time:
Vaults:4: 3345 daAuts
Vaults:5: 2551 daAuts
Vaults:3: 2405 daAuts
  Lair:2: 2129 daAuts
Vaults:1: 2041 daAuts
    D:10: 1901 daAuts
Vaults:2: 1840 daAuts
 Crypt:3: 1815 daAuts
 Snake:1: 1764 daAuts
  Tomb:1: 1624 daAuts
 Snake:2: 1523 daAuts
 Snake:4: 1377 daAuts
 Crypt:1: 1346 daAuts
  Lair:1: 1206 daAuts
     D:8: 1127 daAuts
